AoeStats
← 鱼雷特大号

Arena

505347677Analyzed
4v4 RM · 24d ago on Sep 9, 2026· 55m 54s· 8 players
Game mode
Random Map
Map size
Large (8 player)
Population
200
Speed
Normal
Resources
Standard
Victory
Conquest
Starting age
Dark Age
Ending age
Imperial Age
RankedLock teamsTeams togetherTeam positionsShared explorationLock speedFull tech treeHidden civsTurbo modeCheats
Victory
Defeat
🇨🇴 Vietnamese · Colombia
1244
+14
🇨🇴 Teutons · Colombia
1218
+15
🇦🇷 Berbers · Argentina
1176
+18
🇨🇴 Bohemians · Colombia
1176
+17
🇹🇷 Ethiopians · Türkiye
1229
-16
🇹🇼 Britons · Taiwan
1226
-17
🇨🇱 Lithuanians · Chile
1215
-17
🇨🇳 Inca · China
1146
-14
Elkin Pro1662
12:06 Feudal Age
16:28 Castle Age
15:16 Double-Bit Axe
15:14 Horse Collar
17:46 Pikeman
19:09 Squires
19:36 Loom
20:32 Fervor
21:24 Sanctity
21:52 Wheelbarrow
26:43 Hand Cart
27:33 Heavy Plow
28:34 Fortified Wall
28:12 Town Watch
29:01 Town Patrol
29:29 Husbandry
30:01 Scale Mail Armor
30:11 Forging
30:50 Arson
31:22 Chain Mail Armor
31:18 Forging
32:49 Bow Saw
35:30 Imperial Age
34:29 Iron Casting
36:46 Plate Mail Armor
35:39 Halberdier
36:53 Conscription
37:50 Chemistry
37:12 Ballistics
38:36 Blast Furnace
38:35 Houfnice
41:08 Hussite Reforms
41:11 Wagenburg Tactics
41:58 Siege Engineers
47:57 Man-at-Arms
48:32 Fletching
48:43 Padded Archer Armor
50:10 Redemption
50:28 Illumination
50:19 Block Printing
50:40 Theocracy
50:55 Caravan
christianperalta141
9:34 Feudal Age
13:50 Castle Age
11:49 Double-Bit Axe
12:17 Gold Mining
22:22 Scale Mail Armor
25:57 Arson
26:23 Forging
29:59 Chain Mail Armor
32:24 Wheelbarrow
32:01 Bow Saw
36:58 Iron Casting
38:02 Hand Cart
38:14 Horse Collar
41:56 Imperial Age
40:19 Heavy Plow
40:40 Fletching
40:51 Padded Archer Armor
41:05 Elite Skirmisher
41:50 Thumb Ring
42:11 Ballistics
42:02 Bodkin Arrow
43:07 Leather Archer Armor
43:28 Imperial Skirmisher
44:45 Stone Mining
48:10 Chemistry
47:21 Elite Genitour
48:08 Pikeman
48:48 Squires
48:58 Bracer
49:04 Pikeman
53:41 Ring Archer Armor
53:02 Capped Ram
55:37 Paper Money
55:18 Chatras
Caballero Cruzado
10:27 Feudal Age
14:32 Castle Age
12:34 Double-Bit Axe
12:59 Horse Collar
14:23 Wheelbarrow
15:23 Bow Saw
17:55 Heavy Plow
26:17 Gold Mining
29:05 Imperial Age
26:44 Loom
27:17 Hand Cart
27:17 Town Watch
28:07 Stone Mining
29:02 Scale Barding Armor
29:07 Forging
29:59 Bloodlines
30:33 Chain Barding Armor
30:09 Cavalier
31:32 Iron Casting
32:05 Two-Man Saw
31:38 Crop Rotation
32:53 Stone Shaft Mining
32:22 Paladin
35:33 Conscription
35:35 Crenellations
44:42 Blast Furnace
44:18 Plate Barding Armor
43:33 Fletching
43:57 Town Patrol
45:37 Chemistry
44:57 Ballistics
44:44 Siege Engineers
44:44 Scale Mail Armor
44:44 Padded Archer Armor
46:56 Devotion
49:52 Hoardings
51:27 Masonry
52:58 Ironclad
LucasViola27
10:08 Feudal Age
11:08 Double-Bit Axe
13:14 Horse Collar
17:25 Castle Age
16:57 Wheelbarrow
16:08 Loom
16:44 Scale Barding Armor
18:57 Bow Saw
19:08 Heavy Plow
21:45 Bloodlines
21:35 Husbandry
24:03 Kasbah
29:51 Imperial Age
28:11 Chain Barding Armor
28:02 Forging
28:09 Forging
30:58 Iron Casting
30:22 Gold Mining
30:57 Conscription
32:10 Heavy Camel Rider
34:33 Plate Barding Armor
37:05 Blast Furnace
38:42 Maghrebi Camels
MexKajica
10:15 Feudal Age
14:15 Castle Age
16:35 Double-Bit Axe
16:32 Horse Collar
21:36 Wheelbarrow
23:16 Loom
28:53 Imperial Age
26:54 Bow Saw
26:37 Gold Mining
26:48 Heavy Plow
27:05 Husbandry
27:16 Bloodlines
28:19 Forging
28:15 Scale Barding Armor
29:36 Iron Casting
29:17 Cavalier
30:23 Chain Barding Armor
31:34 Chemistry
32:12 Paladin
33:41 Plate Barding Armor
37:27 Crop Rotation
41:45 Scale Mail Armor
43:35 Chain Mail Armor
43:43 Conscription
43:33 Tower Shields
45:44 Squires
45:29 Arson
45:08 Pikeman
47:27 Two-Man Saw
46:52 Halberdier
47:35 Arson
MA
10:47 Feudal Age
12:27 Double-Bit Axe
12:22 Horse Collar
15:05 Castle Age
16:03 Bow Saw
16:12 Heavy Plow
17:34 Wheelbarrow
21:59 Hand Cart
22:45 Town Watch
22:46 Loom
23:32 Gold Mining
23:34 Stone Mining
28:42 Imperial Age
26:47 Fletching
26:57 Padded Archer Armor
27:33 Squires
27:11 Crossbowman
28:55 Thumb Ring
29:01 Fletching
29:11 Padded Archer Armor
29:38 Bodkin Arrow
30:08 Ballistics
30:55 Chemistry
31:12 Leather Archer Armor
30:57 Bracer
31:36 Scale Mail Armor
31:47 Forging
31:39 Squires
32:13 Conscription
33:05 Ring Archer Armor
32:19 Halberdier
33:42 Chain Mail Armor
33:14 Arson
34:59 Iron Casting
36:44 Two-Man Saw
36:56 Plate Mail Armor
39:01 Blast Furnace
37:22 Arbalester
44:37 Torsion Engines
46:19 Town Patrol
47:39 Siege Engineers
47:45 Masonry
47:30 Murder Holes
48:47 Heavy Scorpion
RC
9:59 Feudal Age
11:01 Loom
14:41 Castle Age
15:21 Horse Collar
15:57 Double-Bit Axe
23:58 Bow Saw
25:53 Wheelbarrow
25:36 Heavy Plow
26:26 Fortified Wall
31:03 Imperial Age
28:59 Fletching
29:22 Padded Archer Armor
29:49 Bodkin Arrow
30:02 Gold Mining
30:02 Stone Mining
30:35 Leather Archer Armor
30:40 Hand Cart
31:31 Ballistics
32:49 Chemistry
32:11 Conscription
32:19 Yeomen
33:03 Bracer
34:38 Ring Archer Armor
34:14 Elite Longbowman
40:06 Caravan
40:51 Scale Mail Armor
41:01 Forging
41:10 Squires
40:31 Pikeman
42:49 Gold Shaft Mining
42:36 Chain Mail Armor
42:01 Halberdier
45:08 Plate Mail Armor
45:13 Iron Casting
鱼雷特大号
10:41 Feudal Age
12:07 Double-Bit Axe
14:24 Castle Age
13:13 Horse Collar
15:21 Loom
Connection lost

Rejoining the realm…

Still unreachable

The connection could not be restored.

Session expired

The server has moved on; the page needs a fresh start.